 Dungeon Crawl Stone Soup version 0.23-a0-358-g98c7a59 (webtiles) character file.

5212 BingusPrime the Grappler (level 10, -3/88 HPs)
             Began as a Purple Draconian Transmuter on Oct 22, 2018.
             Was an Initiate of Fedhas.
             Killed from afar by an electric eel (11 damage)
             ... with a bolt of electricity
             ... on level 8 of the Dungeon.
             The game lasted 00:37:45 (9245 turns).

BingusPrime the Grappler (DrTm)                     Turns: 9245, Time: 00:37:46

Health: -3/88      AC: 10    Str: 14    XL:     10   Next: 35%
Magic:  8/21       EV: 15    Int: 14    God:    Fedhas [......]
Gold:   398        SH:  0    Dex: 13    Spells: 13/24 levels left

rFire    + . .     SeeInvis .     - Unarmed
rCold    x . .     Gourm    .   (shield currently unavailable)
rNeg     . . .     Faith    .   (armour unavailable)
rPois    .         Spirit   .   (helmet restricted)
rElec    .         Reflect  .   f - +2 cloak
rCorr    .         Harm     .   (gloves currently unavailable)
MR       +....                  (no boots)
Stlth    +++.......             (no amulet)
HPRegen  0.24/turn              w - ring of fire
MPRegen  0.17/turn              s - ring of wizardry

@: blade hands (expiring)
A: breathe power, unfitting armour, cold-blooded, AC +7
a: Breathe Dispelling Energy, End Transformation, Fungal Bloom, Renounce
Religion


You were on level 8 of the Dungeon.
You worshipped Fedhas.
Fedhas was noncommittal.
You were not hungry.
You had blades for hands.
You visited 2 branches of the dungeon, and saw 9 of its levels.

You collected 489 gold pieces.
You spent 91 gold pieces at shops.

Inventory:

Hand Weapons
 B - a cursed -3 quarterstaff
Missiles
 a - 95 arrows
 h - 15 tomahawks (quivered)
 k - 314 stones
 C - 4 javelins
Armour
 f - a +2 cloak (worn)
Jewellery
 i - an uncursed ring of see invisible
 q - an uncursed ring of teleportation
 r - an uncursed ring of protection from magic
 s - a ring of wizardry (right scythe-like blade)
 w - a ring of fire (left scythe-like blade)
 x - an uncursed amulet of harm
 y - an uncursed ring of stealth
 E - an uncursed ring of flight
Wands
 o - a wand of random effects (40)
 z - a wand of iceblast (9)
 D - a wand of acid (5)
Scrolls
 b - 3 scrolls of remove curse
 d - 2 scrolls of noise
 g - 5 scrolls of teleportation
 n - 2 scrolls of amnesia
 u - a scroll of enchant weapon
 v - a scroll of enchant armour
 A - 2 scrolls of random uselessness {unknown}
 G - a scroll of identify
Potions
 j - a potion of lignification
 l - a potion of resistance
 p - a potion of haste {unknown}
 t - a potion of agility {unknown}
 F - a potion of ambrosia {unknown}
 H - a potion of mutation {unknown}
Comestibles
 c - 14 rations


   Skills:
 * Level 8.1 Fighting
 + Level 4.7 Throwing
 + Level 5.3 Dodging
 + Level 5.3 Stealth
 * Level 10.1 Unarmed Combat
 + Level 7.8 Spellcasting
 + Level 6.7 Transmutations
 + Level 0.1 Poison Magic
 + Level 2.8 Evocations


You had 13 spell levels left.
You knew the following spells:

 Your Spells              Type           Power        Failure   Level  Hunger
a - Beastly Appendage     Tmut           ###...       6%          1    None
b - Sticks to Snakes      Tmut           ###.....     7%          2    None
c - Spider Form           Tmut/Pois      ###.......   21%         3    ##.....
d - Blade Hands           Tmut           ###.......   34%         5    #####..

Your spell library contained the following spells:

 Spells                   Type           Power        Failure   Level  Hunger
 Ice Form                 Ice/Tmut       ##......     41%         4    ####...


Dungeon Overview and Level Annotations

Branches:
Dungeon (8/15)             Temple (1/1) D:6            Lair (0/6) D:8

Altars:
Ashenzari
Cheibriados
Dithmenos
Elyvilon
Fedhas
Gozag
Hepliaklqana
Kikubaaqudgha
Makhleb
Nemelex Xobeh
Okawaru
Qazlal
Ru
Sif Muna
Trog
Uskayaw
Vehumet
Wu Jian
Yredelemnul
Zin
The Shining One

Shops:
D:4 !*}

Annotations:
D:6 1 runed door, ultrashaft's ghost, novice DsGl


Innate Abilities, Weirdness & Mutations

You can breathe bolts of dispelling energy.
Your rich purple scales are hard. (AC +7)
You cannot fit into any form of body armour.
You are cold-blooded and may be slowed by cold attacks.


Message History

The bolt of electricity hits you!
* * * LOW HITPOINT WARNING * * *
Your ball python bites the electric eel but does no damage.
Your ball python constricts the electric eel.
You hit the electric eel.
The electric eel is almost dead.
The electric eel shoots out a bolt of lightning at you!
The bolt of electricity hits you!
* * * LOW HITPOINT WARNING * * *
Your ball python barely misses the electric eel.
Your ball python constricts the electric eel.
The electric eel dies!
You hear a splash.
Your ball python looks stronger.
You feel better.
Your transformation is almost over.
The electric eel shoots out a bolt of lightning at you!
The bolt of electricity hits you!
You die...
Fedhas appreciates your contribution to the ecosystem.

#########.# #.#
#.# # #.# .#
#.#####.####
#...........
#...........
.####†.†........
..≈...†[@S.......
..!..≈..†;.......
≈≈.≈≈≈..≈....####
≈≈≈≈≈≈≈≈≈....#
≈≈..≈≈≈≈≈≈≈..#
...≈..≈≈≈......
.....≈≈≈.≈≈≈....
..>..≈≈≈≈....##


You could see an electric eel and a friendly ball python.

Vanquished Creatures
  A catoblepas (D:7)
  A troll (D:8)
  A wyvern (D:8)
  A hungry ghost (D:7)
  A black bear (D:7)
  2 ice beasts (D:5)
  2 sky beasts
  2 ogres (D:5)
  2 wolves (D:8)
  2 centaurs (D:7)
  A bullfrog (D:8)
  A water moccasin skeleton (D:5)
  2 crimson imps
  A quasit (D:7)
  A centaur zombie (D:5)
  5 orc priests
  5 hounds
  2 bullfrog skeletons
  Jessica (D:2)
  Natasha (thrice) (D:3)
  3 iguanas
  9 orc wizards
  4 worker ants
  A killer bee zombie (D:7)
  2 hound skeletons
  A hound zombie (D:8)
  A worker ant zombie (D:2)
  Robin (D:2)
  5 gnolls
  6 adders
  An ooze (D:3)
  2 adder zombies
  3 worms
  4 dart slugs
  4 leopard geckos
  25 orcs
  2 ball pythons
  4 giant cockroaches
  13 goblins
  15 hobgoblins
  12 jackals
  9 kobolds
  2 quokkas
  11 bats
  6 frilled lizards
  A quokka skeleton (D:6)
  4 rats
188 creatures vanquished.

Vanquished Creatures (collateral kills)
  A two-headed ogre (D:8)
  Grinder (D:4)
  A wolf (D:8)
  A scorpion (D:3)
  An electric eel (D:8)
  An orc wizard (D:4)
  3 orcs
9 creatures vanquished.

Vanquished Creatures (others)
  8 toadstools
8 creatures vanquished.

Grand Total: 205 creatures vanquished

Notes
Turn   | Place    | Note
-------+----------+-------------------------------------------
     0 | D:1      | BingusPrime the Draconian Transmuter began the quest for
                  | the Orb.
     0 | D:1      | Reached XP level 1. HP: 16/16 MP: 3/3
   376 | D:1      | Reached XP level 2. HP: 23/23 MP: 3/5
   546 | D:1      | Reached XP level 3. HP: 28/28 MP: 4/6
  1011 | D:1      | Reached skill level 4 in Unarmed Combat
  1313 | D:2      | Found a sacrificial altar of Ru.
  1440 | D:2      | Reached XP level 4. HP: 36/36 MP: 5/7
  1479 | D:2      | Noticed Robin
  1485 | D:2      | Killed Robin
  1833 | D:2      | Found an ornate altar of the Wu Jian Council.
  1840 | D:2      | Noticed Jessica
  1848 | D:2      | Killed Jessica
  1944 | D:2      | Reached XP level 5. HP: 35/42 MP: 6/8
  2003 | D:2      | Reached skill level 1 in Stealth
  2342 | D:3      | Found a burning altar of Makhleb.
  2493 | D:3      | Found an opulent altar of Gozag.
  3113 | D:3      | Noticed Natasha
  3127 | D:3      | Killed Natasha
  3406 | D:3      | Noticed Natasha
  3420 | D:3      | Killed Natasha
  3420 | D:3      | Reached skill level 5 in Unarmed Combat
  3721 | D:3      | Learned a level 2 spell: Sticks to Snakes
  4001 | D:3      | Noticed Natasha
  4015 | D:3      | Killed Natasha
  4015 | D:3      | Reached XP level 6. HP: 48/51 MP: 4/9
  4060 | D:3      | Learned a level 3 spell: Spider Form
  4206 | D:4      | Found Ytzeip's Gadget Shop.
  4209 | D:4      | Bought a wand of random effects (11) for 91 gold pieces
  4359 | D:4      | Found Weoliw's Assorted Antiques.
  4386 | D:4      | Found Zusk's Book Shop.
  4794 | D:4      | Noticed Grinder
  4801 | D:4      | Paralysed by Grinder for 2 turns
  5036 | D:3      | Reached skill level 5 in Fighting
  5036 | D:3      | Reached skill level 8 in Unarmed Combat
  5036 | D:3      | Reached skill level 5 in Spellcasting
  5036 | D:3      | Reached skill level 5 in Transmutations
  5036 | D:3      | Your scales start taking on a rich purple colour.
  5036 | D:3      | Reached XP level 7. HP: 62/62 MP: 12/16
  5037 | D:3      | Reached skill level 5 in Dodging
  5037 | D:3      | Reached skill level 5 in Stealth
  5037 | D:3      | Reached skill level 9 in Unarmed Combat
  5037 | D:3      | Reached XP level 8. HP: 73/73 MP: 12/18
  5102 | D:4      | Killed Grinder
  5115 | D:4      | Learned a level 5 spell: Blade Hands
  5465 | D:4      | Found Nilypp's Distillery.
  5577 | D:5      | Entered Level 5 of the Dungeon
  5618 | D:5      | Reached XP level 9. HP: 79/79 MP: 11/19
  6222 | D:5      | Found a shattered altar of Ashenzari.
  6869 | D:6      | Found a runed door.
  6869 | D:6      | Noticed ultrashaft's ghost (novice DsGl)
  7026 | D:6      | Found a staircase to the Ecumenical Temple.
  7057 | D:6      | Found a blossoming altar of Fedhas.
  7064 | Temple   | Entered the Ecumenical Temple
  7287 | Temple   | Became a worshipper of Fedhas Madash
  8367 | D:7      | Noticed a catoblepas
  8397 | D:7      | Killed a catoblepas
  8397 | D:7      | Reached XP level 10. HP: 33/88 MP: 5/21
  8910 | D:8      | Noticed a two-headed ogre
  8923 | D:8      | Killed a two-headed ogre
  8923 | D:8      | Reached skill level 10 in Unarmed Combat
  9241 | D:8      | Found a staircase to the Lair.
  9244 | D:8      | HP: 2/88 [electric eel/bolt of electricity (13)]
  9245 | D:8      | Killed from afar by an electric eel

Vault maps used:
D:1:      dpeg_arrival_boxorama
D:2:      lemuel_crystal_altar, nicolae_ru_sacrificial_ziggurat, uniq_robin,
          uniq_jessica
D:3:      wad_lake_hut, lemuel_doored_altar, minivault_5,
          hangedman_decor_points, nicolae_gozag_seed_capital, uniq_natasha
D:4:      serial_shops, shop, shop_fountains, kennysheep_mini_moat, shop,
          uniq_grinder
D:5:      evilmike_ruin_ashenzari, first_ration
D:6:      minmay_temple_entry_overgrown, gammafunk_ghost_grave,
          serial_bayou_pond_a, fedhas_altar_1
D:7:      minmay_three_doors
D:8:      kennysheep_spiral_hall, xom_teletrap_fun, erik_lair_island,
          serial_glass, glass_columns_c, glass_columns_a
Temple:   dpeg_five_rooms_temple

Skill      XL: |  1  2  3  4  5  6  7  8  9 10 |
---------------+-------------------------------+-----
Unarmed Combat | 4 5 8 9 10 | 10.1
Fighting       | 2 3 5 7 8 |  8.1
Dodging        | 2 4 5 |  5.3
Stealth        | 1 4 5 |  5.3
Throwing       | 3 4 |  4.7
Spellcasting   | 6 7 |  7.8
Transmutations | 5 6 |  6.7
Evocations     | 2 |  2.8
Poison Magic   | |  0.1

Action                   |  1- 3 |  4- 6 |  7- 9 | 10-12 || total
-------------------------+-------+-------+-------+-------++-------
Melee: Unarmed           |   117 |   223 |   193 |    48 ||   581
       Tailslap          |    10 |    18 |    20 |     2 ||    50
       Headbutt          |     4 |    24 |     2 |       ||    30
       Kick              |     8 |     8 |     7 |       ||    23
       Punch             |       |     4 |     5 |     1 ||    10
Throw: Tomahawk          |       |    25 |     5 |       ||    30
       Stone             |       |     2 |       |       ||     2
 Cast: Beastly Appendage |    17 |    35 |    11 |     1 ||    64
       Sticks to Snakes  |       |    14 |    21 |    12 ||    47
       Blade Hands       |       |       |    23 |     3 ||    26
       Spider Form       |       |       |     3 |     3 ||     6
Invok: Fungal Bloom      |       |       |       |     3 ||     3
 Abil: Breathe Dispellin |       |       |     2 |     1 ||     3
  Use: Scroll            |       |    12 |     2 |     1 ||    15
       Potion            |       |     2 |     1 |     3 ||     6
 Stab: Sleeping          |     2 |     1 |     4 |     2 ||     9
       Distracted        |       |       |     2 |       ||     2
  Eat: Chunk             |     2 |    12 |    20 |       ||    34
       Ration            |       |       |     1 |     1 ||     2
Armor: Skin              |    51 |    81 |    61 |    17 ||   210
Dodge: Dodged            |    95 |   148 |   135 |    68 ||   446

Table legend:
 A = Non-vault XP
 B = Vault XP
 C = Vault XP percentage of total XP
 D = Non-vault monster count
 E = Vault monster count
 F = Vault count percentage of total count
                 A         B        C        D         E       F
            +---------+---------+-------+---------+---------+-------
      Total |    3118 |    2614 |  45.6 |     172 |      25 |  12.7
            +---------+---------+-------+---------+---------+-------
        D:1 |      67 |       0 |   0.0 |      30 |       0 |   0.0
        D:2 |      71 |      64 |  47.4 |      23 |       8 |  25.8
        D:3 |     192 |      36 |  15.8 |      31 |       1 |   3.1
        D:4 |     279 |     194 |  41.0 |      20 |       1 |   4.8
        D:5 |    1195 |       0 |   0.0 |      36 |       0 |   0.0
        D:6 |     236 |       0 |   0.0 |      10 |       0 |   0.0
        D:7 |     689 |    1084 |  61.1 |      18 |       3 |  14.3
        D:8 |     389 |    1236 |  76.1 |       4 |      12 |  75.0
            +---------+---------+-------+---------+---------+-------
